AoeStats
← Fung Gor

Arabia

509882722Analyzed
1v1 RM · 2d ago on Sep 28, 2026· 39m 14s· 2 players
Game mode
Random Map
Map size
Tiny (2 player)
Population
200
Speed
Normal
Resources
Standard
Victory
Conquest
Starting age
Dark Age
Ending age
Imperial Age
RankedLock teamsTeams togetherTeam positionsShared explorationLock speedFull tech treeHidden civsTurbo modeCheats
Victory
Defeat
🇭🇰 Persians · Hong Kong SAR China
825
+18
🇬🇷 Poles · Greece
867
-18
Fung Gor
2:24 Loom
11:44 Feudal Age
12:22 Double-Bit Axe
14:18 Horse Collar
16:02 Wheelbarrow
20:48 Castle Age
19:31 Bloodlines
19:45 Gold Mining
22:13 Bow Saw
22:39 Heavy Plow
23:25 Forging
23:20 Scale Barding Armor
26:49 Husbandry
28:41 Gold Shaft Mining
28:00 Stone Mining
30:22 Iron Casting
29:52 Scale Barding Armor
31:57 Ballistics
32:53 Hand Cart
33:38 Gold Shaft Mining
33:40 Stone Shaft Mining
35:35 Imperial Age
34:13 Kamandaran
35:16 Chain Barding Armor
34:33 Crossbowman
35:45 Thumb Ring
36:01 Heavy Camel Rider
37:19 Conscription
37:09 Fletching
37:19 Padded Archer Armor
37:56 Plate Barding Armor
38:21 Blast Furnace
38:59 Two-Man Saw
38:35 Crop Rotation
38:24 Bodkin Arrow
39:35 Blast Furnace
Sunscream
7:22 Loom
9:37 Feudal Age
10:15 Double-Bit Axe
19:36 Castle Age
17:53 Fletching
19:06 Horse Collar
20:54 Bow Saw
20:42 Gold Mining
22:54 Szlachta Privileges
23:02 Bloodlines
22:53 Husbandry
23:16 Scale Barding Armor
24:13 Wheelbarrow
24:24 Forging
27:32 Chain Barding Armor
27:45 Hand Cart
31:31 Scale Mail Armor
32:08 Iron Casting
31:29 Bodkin Arrow
35:37 Imperial Age
34:46 Chain Mail Armor
34:29 Stone Mining
34:26 Town Watch
34:48 Heavy Plow
35:46 Elite Obuch
36:47 Town Patrol
39:06 Ballistics
39:46 Chemistry
40:04 Blast Furnace
39:34 Plate Mail Armor
39:02 Bodkin Arrow
38:46 Elite Skirmisher
39:32 Thumb Ring
Connection lost

Rejoining the realm…

Still unreachable

The connection could not be restored.

Session expired

The server has moved on; the page needs a fresh start.